 Dungeon Crawl Stone Soup version 0.30-a0-49-g1cef19eb02 (webtiles) character file.

Game seed: 372638220920451852

25 Kinoniko the Cudgeller (level 3, 31/31 HPs)
             Began as a Meteoran Fighter on Sept 2, 2022.
             Quit the game on level 1 of the Dungeon.
             The game lasted 00:01:08 (538 turns).

Kinoniko the Cudgeller (Meteoran Fighter)            Turns: 538, Time: 00:01:08

Health: 31/31      AC:  7    Str: 19    XL:     3   Next: 35%
Magic:  4/4        EV: 13    Int: 10    God:
Gold:   20         SH:  5    Dex: 13    Spells: 2/2 levels left

rFire   . . .      SeeInvis .    a - +0 flail
rCold   . . .      Faith    .    c - +0 buckler
rNeg    . . .      Spirit   .    b - +0 scale mail
rPois   .          Reflect  .    (no helmet)
rElec   .          Harm     .    (no cloak)
rCorr   .          Rampage  .    (no gloves)
Will    .....                    (no boots)
Stlth   ..........               (no amulet)
HPRegen 0.10/turn                e - +4 ring of evasion
MPRegen 0.09/turn                (no ring)

@: glowing, bezotted
A: sense surroundings 1, otherworldly, glowing, explore regen
a: no special abilities


You were on level 1 of the Dungeon.
You visited 1 branch of the dungeon, and saw 1 of its levels.

You collected 20 gold pieces.

Inventory:

Hand Weapons
 a - a +0 flail (weapon)
Armour
 b - a +0 scale mail (worn)
 c - a +0 buckler (worn)
Jewellery
 e - a +4 ring of evasion (left hand)
Scrolls
 f - a scroll of butterflies {unknown}
 g - a scroll of identify {unknown}
 h - a scroll of amnesia {unknown}
 i - a scroll of fear {unknown}
Potions
 d - 2 potions of might


   Skills:
 - Level 3.3 Fighting
 * Level 4.4 Maces & Flails
 - Level 3.7 Armour
 - Level 3.7 Shields


You had 2 spell levels left.
You didn't know any spells.
Your spell library was empty.

Dungeon Overview and Level Annotations

Branches:
Dungeon (1/15) Zot: 49

Altars:


Innate Abilities, Weirdness & Mutations

You passively map a small area around you.
You are easily found by Zot.
You glow in the dark.
You regain HP and MP as you explore.


Message History

You now have 20 gold pieces (gained 6).
A goblin comes into view. It is wielding a +0 dagger.
The goblin shouts!
A hobgoblin comes into view.
The hobgoblin shouts!
You closely miss the goblin. The goblin hits you with a +0 dagger.
You barely miss the goblin. The goblin barely misses you.
You sock the goblin!
You kill the goblin!
You closely miss the hobgoblin.
The hobgoblin hits you but does no damage.
The hobgoblin hits you.
You sock the hobgoblin!
You kill the hobgoblin!
No target in view!
No target in view!
No target in view!
No target in view!
No target in view!
No target in view!
No target in view!
No target in view!
No target in view!
No target in view!
No target in view!
No target in view!
No target in view!
You see here a +0 dagger.
You have lingered too long.
Zot senses you.
Dive deeper or flee this branch before you suffer!
d - 2 potions of might (gained 1)
An endoplasm comes into view.
The endoplasm quivers.
An endoplasm is nearby!
You hit the endoplasm.
The endoplasm is almost dead.
The endoplasm hits you but does no damage.
You sock the endoplasm!
You kill the endoplasm!
Zot draws nearer.
Dive deeper or flee this branch before you suffer!
Are you sure you want to abandon this character and quit the game? (Confirm with "yes".)

############# ###
............. ...
..........### ##.# **
.###........., ..#
.##.......... #.#########
.....###..#...##@#.##....#
.....# #..#...##.#.#..##.#
.†..†# #..#...##.#.#..##.#
.#...# #..#...##.#.#..##.#
.#...# #.)#...........##.#
.#...###..#...#..#.#..##.#
.....†.#[.#...........##.#
....>#.#......##.#.#..##.#
.#...#.#.##...##.#.#..##.#


There were no monsters in sight!

Vanquished Creatures
  An endoplasm (D:1)
  A giant cockroach (D:1)
  3 goblins (D:1)
  3 hobgoblins (D:1)
  2 quokkas (D:1)
  A ball python (D:1)
  2 bats (D:1)
  4 frilled lizards (D:1)
  3 kobolds (D:1)
  5 rats (D:1)
25 creatures vanquished.

Notes
Turn   | Place    | Note
-------+----------+-------------------------------------------
     0 | D:1      | Kinoniko the Meteoran Fighter began the quest for the Orb.
     0 | D:1      | Reached XP level 1. HP: 19/19 MP: 2/2
    34 | D:1      | Reached skill level 3 in Maces & Flails
    48 | D:1      | Reached XP level 2. HP: 23/26 MP: 3/3
   156 | D:1      | Reached skill level 4 in Maces & Flails
   156 | D:1      | Reached XP level 3. HP: 29/31 MP: 4/4
   487 | D:1      | Glimpsed the power of Zot.
   537 | D:1      | Glimpsed the power of Zot.
   538 | D:1      | Quit the game

Illustrated notes

Levels and vault maps discovered:
D:1:      psy_arrival_dodecagon, layout_basic

Skill      XL: |  1  2 |
---------------+-------+-----
Maces & Flails | 3 4 |  4.4
Fighting       | |  3.3
Armour         | |  3.7
Shields        | |  3.7

Action                   || total
-------------------------++-------
Melee: Flail             ||    51
Armor: Scale mail        ||    26
Dodge: Dodged            ||    25
Block: Buckler           ||    13

Table legend: (Time is in decaauts)
 A = Elapsed time spent in this place.
 B = Non-inter-level travel time spent in this place.
 C = Inter-level travel time spent in this place.
 D = Time resting spent in this place.
 E = Time spent auto-exploring this place.
 F = Levels seen in this place.
 G = Mean time per level.
                   A        B        C        D        E       F      G
               +--------+--------+--------+--------+--------+-----+--------+
         Total |    550 |    550 |      0 |      0 |    417 |   1 |  550.0 |
       Dungeon |    550 |    550 |      0 |      0 |    417 |   1 |  550.0 |
               +--------+--------+--------+--------+--------+-----+--------+

Top non-repeatable levels by time:
     D:1: 550 daAuts
